[Event "*** Titled Tuesday Blitz"]
[Site "Chess.com"]
[Date "2021.02.02"]
[Round "2"]
[White "WiktoriaPOL"]
[Black "SHIVACalypso"]
[Result "0-1"]
[WhiteElo "1992"]
[BlackElo "2377"]
[TimeControl "180+1"]
[EndTime "10:19:53 PST"]
[Termination "SHIVACalypso won on time"]

1. e4 e6 2. d4 d5 3. e5 c5 4. c3 Nc6 5. Nf3 Bd7 6. Bd3 cxd4 7.
cxd4 Qb6 8. O-O Nxd4 9. Nbd2 Nxf3+ 10. Nxf3 Bb5 11. Be3 Qa6 12. Bxb5+ Qxb5 13. b3 Ne7 14. Rc1 Nf5 15. Nd4 Nxd4 16. Bxd4 Ba3 17. Rc7 O-O 18. Qc2 a5 19. Rd1 a4 20. Rd3 Ra6 21. Rh3 h6 22. Rg3 Rc6 23. Rxc6 Qxc6 24. Rc3 Qa6 25. bxa4 Be7 26. Qb3 Ra8 27. h3 Qxa4 28. Rc8+ Kh7 29.
Qb1+ g6 30. Rxa8 Qxa8 31. Qb3 Qa6 32. a4 Kg7 33. Kh2 Bg5 34. f3 Bf4+ 35. Kh1 Qf1+ 36. Bg1 d4 37. Qb4 Be3 0-1

[Event "*** Titled Tuesday Blitz"]
[Site "Chess.com"]
[Date "2021.02.02"]
[Round "2"]
[White "akanga001"]
[Black "Etud-otradnoe"]
[Result "0-1"]
[WhiteElo "1989"]
[BlackElo "2376"]
[TimeControl "180+1"]
[EndTime "10:19:53 PST"]
[Termination "Etud-otradnoe won on time"]

1. d4 d5 2. Nf3 Nf6 3. Bg5 Ne4 4. Bf4 c5 5. Nbd2 Nxd2 6. Qxd2 cxd4 7. Nxd4 Nc6 8.
Nxc6 bxc6 9. e3 f6 10. Bg3 e5 11. c4 Qb6 12. a3 Be6 13. cxd5 cxd5 14. Be2 Be7 15. O-O O-O 16. b4 Rfd8 17. Rfd1 d4 18. Rac1 Bb3 19. Re1 d3 20. Qb2 Be6 21. Bxd3 Rxd3 22.
f3 Rad8 23. Bf2 Rd2 24. Qb1 Ba2 25. Qa1 Qa6 26. Rcd1 Qd3 27. Rxd2 Qxd2 28. e4 Rd3 29. Bc5 Bxc5+ 30. bxc5 Rc3 0-1

[Event "*** Titled Tuesday Blitz"]
[Site "Chess.com"]
[Date "2021.02.02"]
[Round "2"]
[White "Lukianoo"]
[Black "arctic_t00"]
[Result "0-1"]
[WhiteElo "2771"]
[BlackElo "2529"]
[TimeControl "180+1"]
[EndTime "10:19:54 PST"]
[Termination "arctic_t00 won by resignation"]

1. e4 e6 2. b3 c5 3. Nf3 a6 4. Bb2 Nc6 5. d4 cxd4 6. Nxd4 Qf6 7. c3 Bc5 8. Be2 e5 9. Nf3 Nge7 10. O-O O-O 11.
c4 d6 12. Nc3 Bg4 13. h3 Bxf3 14. Bxf3 Bd4 15. Qd2 Qh4 16. Ne2 Bxb2 17. Qxb2 Rad8 18.
Rad1 Qf6 19. Rd3 Ng6 20. Rfd1 Nh4 21. Qd2 Qg6 22. Kh1 Nxf3 23. gxf3 Qh5 24. Kh2 Ne7 25. Ng3 Qh4 26. Rxd6 Rxd6 27. Qxd6 Ng6 28. Qd7 h5 29. Qf5 Nf4 30. Qd7 g6 31. c5 Kg7 32. b4 Rd8 33.
Nxh5+ Qxh5 0-1

[Event "*** Titled Tuesday Blitz"]
[Site "Chess.com"]
[Date "2021.02.02"]
[Round "2"]
[White "shaheus"]
[Black "MikeSailer"]
[Result "0-1"]
[WhiteElo "2404"]
[BlackElo "2185"]
[TimeControl "180+1"]
[EndTime "10:19:54 PST"]
[Termination "MikeSailer won by resignation"]

1. e4 d5 2. exd5 Qxd5 3. Nc3 Qd6 4. Nf3 Nf6 5. Be2 c6 6. O-O Bg4 7. b4 e6 8. b5 Be7 9. a4 O-O 10. a5 c5 11. Bb2 Rd8 12. d3 Nbd7 13. h3 Bh5 14. Nd2 Bxe2 15. Qxe2 Nf8 16. Nc4 Qf4 17. g3 Qf5 18. Kg2 Ng6 19. Qf3 Qxf3+ 20. Kxf3 Nd5 21. Rfe1 Nb4 22. Re2 Bf6 23. Ne4 Bxb2 24. Nxb2 Ne5+ 25. Kg2 Rac8 26. f4 Nd7 27. Nc4 Nf6 28. Nxf6+ gxf6 29. Kf2 Rd4 30. Rd1 Rcd8 31. Red2 Na2 32. Ra1 Nc3 33. Re1 Nxb5 34. a6 bxa6 35. Ra1 Nc3 36. Rxa6 Ne4+ 37. Ke3 Nxd2 38. Nxd2 R4d7 39. Ne4 Kg7 40. Nxc5 Rc7 41. d4 h5 42. c3 f5 43. Kd3 Rxc5 0-1

[Event "*** Titled Tuesday Blitz"]
[Site "Chess.com"]
[Date "2021.02.02"]
[Round "2"]
[White "swisspower96"]
[Black "kekic76"]
[Result "1-0"]
[WhiteElo "2649"]
[BlackElo "2374"]
[TimeControl "180+1"]
[EndTime "10:19:55 PST"]
[Termination "swisspower96 won by checkmate"]

1. d4 d6 2. e4 e5 3. Nf3 Nc6 4. Bb5 exd4 5. O-O Bd7 6. Bxc6 bxc6 7. Nxd4 Be7 8. c4 Nf6 9. Nc3 O-O 10. Bf4 c5 11. Nc2 Bc6 12. Re1 Nd7 13. Nd5 Bf6 14.
Rb1 Be5 15. Be3 Nb6 16. b3 Nxd5 17. exd5 Bd7 18. f4 Bf6 19. Qd2 Bf5 20. Rbd1 Re8 21. Bf2 Qd7 22. Ne3 Be4 23. Re2 Bd4 24. Rde1 Bxe3 25.
Rxe3 f5 26. Rg3 a5 27. h3 a4 28. b4 cxb4 29. Qxb4 Reb8 30. Qc3 a3 31. Bd4 g6 32.
h4 Rb2 33. h5 Kf7 34. Bh8 Rg8 35. Qf6+ Ke8 36. hxg6 hxg6 37. Rxa3 Qc8 38. Rae3 Rxg2+ 39. Kf1 Rh2 40. Rxe4+ fxe4 41. Rxe4+ Kd7 42. Qe6+ Kd8 43. Bf6# 1-0

[Event "*** Titled Tuesday Blitz"]
[Site "Chess.com"]
[Date "2021.02.02"]
[Round "2"]
[White "amatatanav"]
[Black "MasterMK73"]
[Result "1-0"]
[WhiteElo "2442"]
[BlackElo "2213"]
[TimeControl "180+1"]
[EndTime "10:19:55 PST"]
[Termination "amatatanav won on time"]

1. e4 c5 2. Ne2 a6 3. g3 Nc6 4.
Bg2 e6 5. O-O Nf6 6. c3 d5 7. exd5 exd5 8. d4 Bg4 9. Re1 Be7 10.
dxc5 O-O 11. b4 Ne5 12. h3 Nf3+ 13. Bxf3 Bxf3 14. Nd2 Bh5 15. g4 Bg6 16. Nf4 h5 17. g5 Ne8 18. h4 Qd7 19. Qf3 Nc7 20. Nf1 Bf5 21. Ng3 Bg4 22. Qd3 Rae8 23. Be3 Ne6 24. Nxe6 fxe6 25. Bd4 Rf3 26. Re3 Ref8 27. Rxf3 Bxf3 28.
Re1 Bd8 29. Qe3 e5 30. Qxe5 1-0

[Event "*** Titled Tuesday Blitz"]
[Site "Chess.com"]
[Date "2021.02.02"]
[Round "2"]
[White "igorkovalenko"]
[Black "DenishevM"]
[Result "1-0"]
[WhiteElo "2869"]
[BlackElo "2554"]
[TimeControl "180+1"]
[EndTime "10:19:56 PST"]
[Termination "igorkovalenko won on time"]

1. d4 Nf6 2. Nf3 b6 3. e3 Bb7 4.
Be2 g6 5. O-O Bg7 6. c4 O-O 7. Nc3 e6 8. Qc2 d5 9. cxd5 exd5 10.
b4 Nc6 11. Rb1 Ne7 12. a4 Nf5 13. Ne5 Nd6 14. Bf3 Qe7 15. Rd1 Nfe4 16. Bb2 f6 17. Nd3 a5 18. b5 g5 19. Ba3 Kh8 20.
Qb3 Qf7 21. Rbc1 Rac8 22. Rc2 Rfe8 23. Rdc1 Nxc3 24. Bxd6 Ne4 25. Bg3 Nxg3 26. hxg3 Qd7 27. g4 h5 28. gxh5 g4 29. Be2 Kh7 30. g3 Bh6 31. Ne1 Bg5 32. Qd3+ f5 33. Bxg4 Rf8 34. Nf3 Kh6 35. Ne5 Qe6 36. Rc6 Bxc6 37. Rxc6 Qxc6 38. bxc6 Rce8 39. Bxf5 1-0

[Event "*** Titled Tuesday Blitz"]
[Site "Chess.com"]
[Date "2021.02.02"]
[Round "2"]
[White "Vanina1989"]
[Black "Blitzking642"]
[Result "1-0"]
[WhiteElo "2689"]
[BlackElo "2478"]
[TimeControl "180+1"]
[EndTime "10:19:56 PST"]
[Termination "Vanina1989 won by resignation"]

1. d4 Nf6 2. c4 c5 3. d5 b5 4.
a4 b4 5. b3 g6 6. Bb2 Bg7 7.
Qc2 d6 8. e4 O-O 9. Bd3 e5 10.
Ne2 a5 11. Nd2 Nh5 12. O-O Ra7 13. Rae1 f5 14. f4 exf4 15. Nxf4 Nxf4 16. Rxf4 Bxb2 17. Qxb2 Nd7 18. exf5 Ne5 19. Bb1 Qg5 20. Ref1 Bxf5 21. Ne4 Qd8 22. Ng3 Raf7 23. Bxf5 Nd3 24. Bxd3 Rxf4 25. Rxf4 Rxf4 26. Qe2 Qf6 27. Qe6+ Qxe6 28. dxe6 Rd4 29. Be4 Kf8 30. Kf1 Ke7 31. Ke1 Kxe6 32.
Bd5+ Ke5 33. Ke2 h5 34. Nf1 Rh4 35. g3 Rd4 36. Nd2 g5 37. Nf3+ Kf5 38. Nxd4+ cxd4 39. Kd3 Ke5 40. Bf7 h4 41. Bd5 hxg3 42. hxg3 Kf5 43.
Bf3 Ke5 44. Bg4 1-0

[Event "*** Titled Tuesday Blitz"]
[Site "Chess.com"]
[Date "2021.02.02"]
[Round "2"]
[White "AtabayevSaparmyrat"]
[Black "ErikBlomqvist"]
[Result "1-0"]
[WhiteElo "2729"]
[BlackElo "2490"]
[TimeControl "180+1"]
[EndTime "10:19:57 PST"]
[Termination "AtabayevSaparmyrat won by resignation"]

1. e4 c6 2. d4 d5 3. Nc3 dxe4 4.
Nxe4 Nd7 5. Nf3 Ngf6 6. Nxf6+ Nxf6 7. Ne5 Nd7 8. Nf3 Nf6 9. Ne5 Nd7 10. Nc4 Nb6 11. Bf4 Bf5 12. Ne5 Nd7 13. c3 Nxe5 14.
Bxe5 e6 15. Bd3 Bxd3 16. Qxd3 Qd5 17. O-O O-O-O 18. Rfe1 h5 19. h3 Bd6 20. Qg3 g6 21. Bxd6 Qxd6 22. Qxd6 Rxd6 23. h4 Rhd8 24. g3 c5 25. dxc5 Rd2 26. Rab1 Rc2 27. Rec1 Re2 28. Re1 Rc2 29. Re3 Rdd2 30. Rf3 f5 31. b4 e5 32.
a4 e4 33. Rf4 Rxc3 34. g4 hxg4 35. h5 g3 36. hxg6 gxf2+ 37. Rxf2 Rg3+ 38. Kh2 Rxf2+ 39. Kxg3 Rf3+ 40. Kh4 Rf4+ 41. Kg5 1-0

[Event "*** Titled Tuesday Blitz"]
[Site "Chess.com"]
[Date "2021.02.02"]
[Round "2"]
[White "sbouchet"]
[Black "Sharpchess22"]
[Result "0-1"]
[WhiteElo "2341"]
[BlackElo "2704"]
[TimeControl "180+1"]
[EndTime "10:19:57 PST"]
[Termination "Sharpchess22 won on time"]

1. e4 e5 2. Nf3 Nc6 3. Nc3 Nf6 4. d4 exd4 5. Nxd4 Bb4 6. Nxc6 bxc6 7. Bd3 O-O 8. O-O Re8 9. Bg5 Rb8 10. Qf3 Bd6 11.
Bxf6 Qxf6 12. Qxf6 gxf6 13. Rab1 Be5 14. Na4 Rb4 15.
b3 d5 16. Rbe1 Rd8 17. Re2 a5 18. Rfe1 Kf8 19. h3 h5 20. Kf1 h4 21. f3 Bd4 22.
Rd1 Be6 23. exd5 cxd5 24. f4 c5 25. f5 Bd7 26. c3 Rxa4 27. bxa4 Bxc3 28. Bb5 d4 29.
Rc2 Ke7 30. Ke2 Bxf5 31. Bd3 Be6 32. Rb1 Rd7 33. Rxc3 dxc3 34. Rc1 Rd4 35. Rxc3 Kd6 36. Bb5 Bxa2 37. Rf3 Ke5 38. Ke3 Bd5 39. Rf2 Rb4 40. Kd3 Rb3+ 41. Kc2 Rg3 42. Bf1 c4 43. Kb2 f5 44. Kc2 Be4+ 45. Kb2 Kd4 46. Rd2+ Kc5 47. Kc1 Rb3 0-1

[Event "*** Titled Tuesday Blitz"]
[Site "Chess.com"]
[Date "2021.02.02"]
[Round "2"]
[White "CheckThis4"]
[Black "DrVelja"]
[Result "1/2-1/2"]
[WhiteElo "2579"]
[BlackElo "2896"]
[TimeControl "180+1"]
[EndTime "10:19:58 PST"]
[Termination "Game drawn by repetition"]

1. e4 c6 2. c4 e5 3. Nf3 d6 4. d4 Nd7 5. Nc3 g6 6. Be3 Bg7 7. Be2 Ngf6 8. d5 c5 9. Nd2 h5 10.
Qc2 Bh6 11. Bxh6 Rxh6 12. O-O-O Kf8 13. g3 Kg7 14. f4 a6 15. f5 g5 16. h4 g4 17. Kb1 Ne8 18. Nf1 f6 19. Ne3 Nc7 20. Bxg4 hxg4 21. Nxg4 Rh7 22. h5 Kf7 23. h6 b5 24. Ne3 Nb6 25. Qe2 Qg8 26. Qh5+ Kf8 27. Rh4 Qg5 28. Qg6 Rh8 29. Rh5 Qxg6 30. fxg6 Kg8 31. g4 Nxc4 32. Nf5 Bxf5 33. exf5 Ne8 34. Ne4 Ne3 35. Rg1 Nxd5 36. g5 fxg5 37. Nxg5 Nef6 38. h7+ Kf8 39. g7+ Ke7 40. gxh8=Q Rxh8 41. Rh6 Nf4 42. Ne6 N4h5 43. Rgg6 Kf7 44. Ng5+ Ke7 45.
Ne6 Kf7 46. Ng5+ Ke7 47. Ne6 1/2-1/2

[Event "*** Titled Tuesday Blitz"]
[Site "Chess.com"]
[Date "2021.02.02"]
[Round "2"]
[White "PotapovaM"]
[Black "BvsN"]
[Result "1-0"]
[WhiteElo "2646"]
[BlackElo "2369"]
[TimeControl "180+1"]
[EndTime "10:19:58 PST"]
[Termination "PotapovaM won by resignation"]

1. d4 d5 2. c4 c6 3. Nf3 Nf6 4. g3 Bf5 5. Nc3 e6 6. Nh4 Be4 7. f3 Bg6 8. Qb3 Qb6 9. c5 Qc7 10. e4 Nbd7 11. Bf4 Qc8 12. Nxg6 hxg6 13. Bg2 dxe4 14. fxe4 e5 15. dxe5 Nxc5 16. Qc4 Nh5 17. Be3 b5 18. Qe2 b4 19. Nd1 Ne6 20. O-O g5 21.
Qf2 Qc7 22. Rc1 Rc8 23. b3 Qd7 24. Nb2 c5 25. Rcd1 Qc7 26. Nc4 g6 27. Rd5 Bh6 28.
Nd6+ Kf8 29. Nxc8 Kg7 30. Nd6 Rf8 31. Bh3 Nhf4 32. gxf4 gxf4 33. Bc1 Ng5 34. Bg2 f3 35. Bxg5 fxg2 36. Bxh6+ Kxh6 37. Qxg2 f5 38. exf5 gxf5 39. Nxf5+ Kh7 40. Qh3+ Kg8 41. Nh6+ Kg7 42. Rxf8 Kxf8 43.
Qf5+ Kg7 44. Rd7+ 1-0

[Event "*** Titled Tuesday Blitz"]
[Site "Chess.com"]
[Date "2021.02.02"]
[Round "2"]
[White "GM4life"]
[Black "Szparu"]
[Result "0-1"]
[WhiteElo "2360"]
[BlackElo "2644"]
[TimeControl "180+1"]
[EndTime "10:19:58 PST"]
[Termination "Szparu won by checkmate"]

1. e4 c5 2. Nf3 Nc6 3. d4 cxd4 4. Nxd4 Nf6 5. Nc3 d6 6. Bg5 e6 7. Qd2 a6 8. O-O-O h6 9. Bh4 Nxe4 10. Qf4 Ng5 11.
Nxc6 bxc6 12. Ne4 e5 13. Bxg5 hxg5 14. Qxg5 Qxg5+ 15. Nxg5 Be7 16. Nf3 Be6 17. Kb1 g5 18. Nd2 d5 19. f3 f5 20. Re1 Bf6 21. Bd3 Ke7 22. Nb3 Kd6 23. h3 g4 24. hxg4 fxg4 25.
Rd1 Rxh1 26. Rxh1 gxf3 27. gxf3 Bg5 28. Rh5 Be3 29. c3 a5 30. a4 c5 31. Bb5 c4 32. Na1 Rg8 33. Nc2 Rg1+ 34. Ka2 Bf4 35. b3 Rg2 36. Kb2 cxb3 37. Kxb3 d4+ 38. c4 d3 39. Na3 d2 40. Rh1 Re2 41. Kc2 Re1 42.
Rh6 d1=Q+ 43. Kb2 Qc1+ 44. Kb3 Re3+ 45. Ka2 Rxa3# 0-1

[Event "*** Titled Tuesday Blitz"]
[Site "Chess.com"]
[Date "2021.02.02"]
[Round "2"]
[White "MariaFominykh"]
[Black "Katheksis"]
[Result "0-1"]
[WhiteElo "2284"]
[BlackElo "2485"]
[TimeControl "180+1"]
[EndTime "10:19:58 PST"]
[Termination "Katheksis won on time"]

1. d4 f5 2. Bg5 h6 3. Bh4 g5 4. Bg3 Nf6 5. e3 d6 6. c4 Nc6 7.
Nc3 Bg7 8. Nf3 Nh5 9. d5 Nxg3 10. hxg3 Nb8 11. Nd4 O-O 12. Qd2 c5 13. Nc2 Nd7 14. f4 Nf6 15. fxg5 hxg5 16. Bd3 e5 17. e4 f4 18. O-O-O Bd7 19. Be2 Qe8 20. gxf4 exf4 21. g3 Nxe4 22. Nxe4 Qxe4 23. Bd3 Qe5 24. Bh7+ Kf7 25. Ne1 Qe3 26. Nd3 Qxd2+ 27. Rxd2 f3 28. Rf2 g4 29. Nf4 Bd4 30. Bg6+ Kg7 31. Rfh2 Rh8 32.
Rh7+ Rxh7 33. Rxh7+ Kf6 34. Rxd7 Be3+ 35. Kc2 Bxf4 36.
Rf7+ Kxg6 37. gxf4 f2 38. Rxb7 f1=Q 39. f5+ Qxf5+ 0-1

[Event "*** Titled Tuesday Blitz"]
[Site "Chess.com"]
[Date "2021.02.02"]
[Round "2"]
[White "Treasurechess777"]
[Black "FMOlexandrProhorov"]
[Result "1-0"]
[WhiteElo "2409"]
[BlackElo "2142"]
[TimeControl "180+1"]
[EndTime "10:19:58 PST"]
[Termination "Treasurechess777 won on time"]

1. Nf3 Nf6 2. b3 g6 3. Bb2 Bg7 4. e3 O-O 5. c4 c5 6. Qc2 b6 7. d3 Bb7 8. Nbd2 d6 9. Be2 e5 10. O-O Nc6 11. a3 a5 12. Ng5 h6 13. Nge4 Nxe4 14.
Nxe4 f5 15. Nc3 Ne7 16. Rad1 Qd7 17. Nb5 Rad8 18. d4 exd4 19. exd4 Be4 20. Bd3 Bxd3 21. Rxd3 Qe6 22. Re3 Qf6 23. Bc3 f4 24. dxc5 Qf5 25.
Rxe7 Qxc2 26. Rxg7+ Kh8 27. Rxg6+ Kh7 28. Rg7+ Kh8 29.
cxd6 Rfe8 30. Bf6 Re2 31. Re7+ Kg8 32. Rxe2 Qxe2 33. Bxd8 f3 34. Bh4 Qe6 35. Bg3 Qg4 36.
gxf3 h5 37. fxg4 1-0

[Event "*** Titled Tuesday Blitz"]
[Site "Chess.com"]
[Date "2021.02.02"]
[Round "2"]
[White "Chess2Hawks"]
[Black "chess4ever007"]
[Result "0-1"]
[WhiteElo "1820"]
[BlackElo "2364"]
[TimeControl "180+1"]
[EndTime "10:19:58 PST"]
[Termination "chess4ever007 won on time"]

1. d4 Nf6 2. c4 g6 3. Nf3 Bg7 4. Nc3 O-O 5. e4 d6 6. Be2 Na6 7. O-O e5 8. dxe5 dxe5 9. Qxd8 Rxd8 10. Bg5 Re8 11. Nd5 Nxe4 12. Be3 c6 13. Nc3 Nf6 14. Rfd1 Bf5 15. Rd6 Ng4 16. Rad1 Nxe3 17. fxe3 Bf8 18. R6d2 Bc5 19. Kf2 f6 20. Na4 Bb4 21. Nc3 Nc5 22.
Kg1 Bxc3 23. bxc3 Ne4 24. Rc2 Rad8 25. Nh4 Be6 26. Rb1 Nc5 27. Nf3 Bf5 28. Rcc1 Bxb1 29. Rxb1 Rd7 30. Kf1 Red8 31. Ke1 Kf7 32. a3 Ke6 33.
Kf2 Ne4+ 34. Ke1 Nxc3 35. Rb2 Nxe2 36. Kxe2 b6 37. a4 c5 38. a5 Rd6 39. a6 Kd7 40. Rc2 Kc7 41. Nd2 f5 0-1

[Event "*** Titled Tuesday Blitz"]
[Site "Chess.com"]
[Date "2021.02.02"]
[Round "2"]
[White "Chimpinha"]
[Black "ChessQueen"]
[Result "0-1"]
[WhiteElo "2397"]
[BlackElo "2723"]
[TimeControl "180+1"]
[EndTime "10:19:59 PST"]
[Termination "ChessQueen won by resignation"]

1. d4 Nf6 2. c4 e6 3. Nc3 Bb4 4. Nf3 b6 5. Bg5 h6 6. Bh4 g5 7. Bg3 Ne4 8. Qc2 Bb7 9. Nd2 Bxc3 10. bxc3 Nxg3 11. hxg3 d6 12. f3 Nd7 13. e4 Qe7 14.
Bd3 a5 15. g4 O-O-O 16. O-O-O Nf6 17. Rh3 h5 18. gxh5 Rxh5 19. Rdh1 Rdh8 20. Rxh5 Rxh5 21. Rxh5 Nxh5 22. Nf1 Bc6 23. Ne3 Qf6 24. Qd2 Qf4 25. Nf1 f6 26. Qxf4 Nxf4 27. Kd2 Nxg2 28. d5 Bd7 29. Ne3 Nxe3 30. Kxe3 Kd8 31. Be2 Ke7 32. f4 gxf4+ 33. Kxf4 e5+ 34. Ke3 f5 35. exf5 Bxf5 36. a3 Kf6 37. Bd1 Bh3 38. Be2 Bg2 39. Bd3 Kg5 40. Be2 Kf5 41. Bd3+ e4 42. Be2 Ke5 43. Bd1 Bf1 44. Bb3 Bd3 45. c5 dxc5 46. c4 a4 47. Ba2 Kf5 0-1

[Event "*** Titled Tuesday Blitz"]
[Site "Chess.com"]
[Date "2021.02.02"]
[Round "2"]
[White "fridaywins"]
[Black "Gmedmundo"]
[Result "1-0"]
[WhiteElo "2145"]
[BlackElo "2388"]
[TimeControl "180+1"]
[EndTime "10:19:59 PST"]
[Termination "fridaywins won on time"]

1. e4 c5 2. Nf3 d6 3. d4 cxd4 4. Nxd4 Nf6 5. Nc3 Nc6 6. f4 g6 7.
Nf3 Bg7 8. Bd3 O-O 9. O-O a6 10. a4 Bg4 11. h3 Bxf3 12. Qxf3 Rc8 13. Be3 Nd7 14. Qf2 Nb4 15. Nd5 Nxd5 16. exd5 Nc5 17.
Bd4 Nxd3 18. cxd3 Qa5 19. Bxg7 Kxg7 20. Qd4+ Kg8 21. b4 Qc7 22. Rae1 Rfe8 23. Re4 Qc3 24.
Qe3 Qb2 25. f5 Rc2 26. Rg4 Qe5 27. Qf3 Rf8 28. fxg6 hxg6 29. Rxg6+ Kh7 30. Rg4 f5 31. Rh4+ Kg7 32. Qh5 Qg3 33. Qh6+ Kf7 34. Qh5+ Kf6 35. Qxf5+ Kg7 36. Rh7+ Kg8 37. Rh8+ Kxh8 38. Qxf8+ Kh7 39.
Rf7+ Kg6 40. Rg7+ Kh5 41. Rxg3 1-0

[Event "*** Titled Tuesday Blitz"]
[Site "Chess.com"]
[Date "2021.02.02"]
[Round "2"]
[White "MITerryble"]
[Black "Legendinunknown"]
[Result "1-0"]
[WhiteElo "2927"]
[BlackElo "2583"]
[TimeControl "180+1"]
[EndTime "10:20:00 PST"]
[Termination "MITerryble won by resignation"]

1. e4 e5 2. Nf3 Nc6 3. c3 Nf6 4. d4 exd4 5. e5 Ne4 6. Qe2 f5 7. exf6 d5 8. Nbd2 Bf5 9. Nxe4 dxe4 10. f7+ Kxf7 11. Ng5+ Kg6 12. Nxe4 Qd7 13. g4 Be6 14. f4 Kf7 15. Ng5+ Kf6 16. Nxe6 Qxe6 17. Qxe6+ Kxe6 18. Bc4+ Kd7 19. O-O Bd6 20. Bd2 Rae8 21. Rad1 Rhf8 22. f5 Re4 23. Be6+ Ke8 24. h3 dxc3 25. Bxc3 Re3 26.
Kg2 Rg3+ 27. Kf2 g6 28. Bg7 Rxh3 29. Bxf8 Bxf8 30. Rh1 Bc5+ 31. Kg2 Re3 32. Rxh7 gxf5 33. Bd7+ Kf8 34. Bxc6 Re2+ 35. Kf1 Rf2+ 36. Ke1 Kg8 37. Rxc7 Rf4 38. Rd8+ Bf8 39. Bd5+ 1-0

[Event "*** Titled Tuesday Blitz"]
[Site "Chess.com"]
[Date "2021.02.02"]
[Round "2"]
[White "Fischerev7"]
[Black "CHENNAIBOND"]
[Result "1-0"]
[WhiteElo "2361"]
[BlackElo "1707"]
[TimeControl "180+1"]
[EndTime "10:20:01 PST"]
[Termination "Fischerev7 won by resignation"]

1. e4 c5 2. Nf3 Nc6 3. d4 cxd4 4.
Nxd4 Nf6 5. Nc3 e5 6. Ndb5 d6 7. Bg5 a6 8. Na3 b5 9. Nd5 Be7 10. Bxf6 Bxf6 11. c4 b4 12. Nc2 a5 13.
g3 Bg5 14. Bg2 O-O 15. O-O g6 16. Qd3 Kh8 17. Rad1 f5 18. f4 Bf6 19. Nxf6 Rxf6 20. Ne3 Nd4 21. exf5 Ra7 22. fxg6 hxg6 23. Nd5 Bf5 24.
Qe3 Re6 25. fxe5 dxe5 26. Rxf5 gxf5 27. Rxd4 exd4 28. Qxe6 d3 29. Qxf5 d2 30. Qd3 Qg5 31. Nf4 Qc5+ 32. Kh1 Qf2 33. Qd8+ Kh7 34. Qh4+ Kg8 35.
Bd5+ Kg7 36. Qg5+ Kf8 37. Ne6+ Ke8 38. Qd8+ Kf7 39. Qf8+ Kg6 40. Qxf2 d1=Q+ 41. Kg2 Rf7 42. Nf4+ Kg7 43. Bxf7 Kxf7 44. Nd5+ 1-0

[Event "*** Titled Tuesday Blitz"]
[Site "Chess.com"]
[Date "2021.02.02"]
[Round "2"]
[White "Boudicca64"]
[Black "zmeeed67"]
[Result "0-1"]
[WhiteElo "1882"]
[BlackElo "2368"]
[TimeControl "180+1"]
[EndTime "10:20:03 PST"]
[Termination "zmeeed67 won on time"]

1. e4 Nc6 2. d4 d6 3. f4 e5 4.
dxe5 dxe5 5. Qxd8+ Kxd8 6. Nc3 Bb4 7. Bd2 Nf6 8. O-O-O Bg4 9. Nf3 Ke7 10. fxe5 Bxc3 11.
exf6+ Bxf6 12. e5 Nxe5 13. Re1 Bxf3 14. gxf3 Kd7 15. Bh3+ Kc6 16. f4 Nc4 17. Bb4 Bxb2+ 18. Kb1 Bf6 19. Bg2+ Kb6 20. Bd5 a5 21. Bxc4 axb4 22.
Bxf7 Rhd8 23. Rd1 c5 24. Bh5 c4 25. Rxd8 Rxd8 26. Rd1 Ra8 27. Bf3 Kc7 28. Rd5 b6 29. Rb5 Ra4 30. Bd5 c3 31. Bb3 Ra5 32. Rxb4 Rh5 33.
Rc4+ Kd6 34. Rb4 Kc7 35. Rc4+ Kb7 36. Re4 Rxh2 37. a4 h5 38. Bd5+ Ka6 39. Re3 h4 40. Be6 Ka5 41. Bd7 Kb4 0-1

[Event "*** Titled Tuesday Blitz"]
[Site "Chess.com"]
[Date "2021.02.02"]
[Round "2"]
[White "MarceloPlaya"]
[Black "onnoelgersma"]
[Result "0-1"]
[WhiteElo "2291"]
[BlackElo "2486"]
[TimeControl "180+1"]
[EndTime "10:20:04 PST"]
[Termination "onnoelgersma won on time"]

1. e4 c5 2. Nf3 e6 3. d4 cxd4 4. Nxd4 Nc6 5. Nc3 a6 6. Be3 Nf6 7. Bd3 h5 8. Qd2 Bb4 9. O-O-O Qa5 10. Nb3 Qc7 11. Kb1 b5 12. f4 Bb7 13. e5 Ng4 14.
Bc5 Rc8 15. Bxb4 Nxb4 16. Nxb5 axb5 17. Qxb4 Nf2 18. Rhe1 Nxd1 19. Rxd1 Bd5 20. Rd2 Bxb3 21. axb3 Qc5 22. Qxb5 Qg1+ 23. Bf1 O-O 24. Qe2 Ra8 25. Rd1 Qa7 26. c3 Rfc8 27. Qe4 Qa2+ 28. Kc2 Rab8 29. Bc4 Qa7 30. Bd3 Qb6 31. Qh7+ Kf8 32. b4 Qf2+ 33. Rd2 Qxf4 34. Qh8+ Ke7 35. Qxg7 Rg8 36. Qh7 Rh8 37. Qg7 Rbg8 38. Qf6+ Qxf6 39. exf6+ Kxf6 40. b5 d5 41. b3 Rb8 42. c4 Rhc8 0-1

[Event "*** Titled Tuesday Blitz"]
[Site "Chess.com"]
[Date "2021.02.02"]
[Round "2"]
[White "ZEN-22"]
[Black "NaciSAN"]
[Result "1-0"]
[WhiteElo "2479"]
[BlackElo "2287"]
[TimeControl "180+1"]
[EndTime "10:20:04 PST"]
[Termination "ZEN-22 won on time"]

1. e3 e5 2. Ne2 d5 3. d4 e4 4. c4 c6 5. Nbc3 Nf6 6. f3 Bd6 7. fxe4 dxe4 8. g3 O-O 9. Bg2 Re8 10. O-O Bg4 11. Qc2 Bxe2 12. Qxe2 Nbd7 13. Qc2 Qe7 14. Bd2 a6 15. Rae1 b5 16. b3 b4 17. Ne2 a5 18. h3 c5 19. Nf4 Bxf4 20. Rxf4 Rad8 21.
g4 h6 22. d5 Nf8 23. Ref1 N8h7 24. Bc1 a4 25. bxa4 Ra8 26. Bb2 Ra5 27. h4 Rea8 28. Bxf6 Nxf6 29. g5 hxg5 30. hxg5 Nh7 31. Rxf7 Qxg5 32.
Qxe4 Rxa4 33. d6 Rxa2 34. R7f2 Nf6 35. Qc6 Qxe3 36. d7 Rd8 37. Qf3 Qxf3 38. Rxf3 Rxd7 39. Rg3 Kf7 40. Bh3 Rdd2 41. Re1 b3 42. Be6+ Kf8 43. Bf5 b2 44. Bb1 Ra1 45. Rb3 Kf7 46. Rb6 Kf8 47.
Rb7 1-0

[Event "*** Titled Tuesday Blitz"]
[Site "Chess.com"]
[Date "2021.02.02"]
[Round "2"]
[White "Carnivoras"]
[Black "Eloist"]
[Result "1-0"]
[WhiteElo "2613"]
[BlackElo "2335"]
[TimeControl "180+1"]
[EndTime "10:20:05 PST"]
[Termination "Carnivoras won by resignation"]

1. d4 e6 2. c4 Nf6 3. Nc3 Bb4 4. g3 c5 5. d5 Ne4 6. Bd2 Bxc3 7. Bxc3 Nxc3 8. bxc3 d6 9. Bg2 e5 10. Nf3 O-O 11.
O-O f5 12. Qd2 h6 13. Rab1 Nd7 14. Qc2 e4 15. Nd2 Qe7 16. Rfe1 e3 17. fxe3 Qxe3+ 18. Kh1 Nf6 19. Qd3 Ng4 20. Qxe3 Nxe3 21. Kg1 Re8 22. Bf3 Rb8 23. Kf2 Bd7 24. h3 g5 25. Be4 fxe4 26. Kxe3 Kg7 27. h4 Bf5 28. Rf1 Bg6 29. Rh1 Re7 30. h5 Bh7 31. g4 b6 32. Rhf1 Rf8 33. a4 Rxf1 34. Rxf1 Re8 35. Rf2 Re7 36.
Rf1 Re8 37. a5 bxa5 38. Ra1 Re7 39. Rxa5 Kf6 40. Ra6 Ke5 41. Nb3 Rf7 42. Na5 Rf4 43. Rxa7 Kf6 44. Rxh7 Rxg4 45. Rxh6+ 1-0

[Event "*** Titled Tuesday Blitz"]
[Site "Chess.com"]
[Date "2021.02.02"]
[Round "2"]
[White "SharapovEvgeny"]
[Black "Matols"]
[Result "1/2-1/2"]
[WhiteElo "2456"]
[BlackElo "2264"]
[TimeControl "180+1"]
[EndTime "10:20:05 PST"]
[Termination "Game drawn - insufficient material"]

1. e4 e6 2. d4 d5 3. Nc3 Nf6 4. e5 Nfd7 5. f4 c5 6. Nf3 Nc6 7.
Be3 cxd4 8. Nxd4 Bc5 9. Qd2 O-O 10. O-O-O a6 11. Qf2 Bxd4 12. Bxd4 b5 13. Bd3 b4 14. Ne2 a5 15. Kb1 a4 16. h4 Ba6 17. h5 Qa5 18. h6 g6 19. Be3 Rfc8 20. Nd4 Nxd4 21. Bxd4 Nc5 22. Bxc5 Qxc5 23. Qxc5 Rxc5 24. Bxa6 Rxa6 25. Rd4 Rb6 26. Rh3 Kf8 27. a3 Rcb5 28. axb4 Rxb4 29. Rxb4 Rxb4 30. Rf3 Ke7 31. Ka2 f6 32. exf6+ Kxf6 33. Ka3 Re4 34. g3 Kf5 35. Rc3 g5 36. Rc7 gxf4 37.
Rxh7 fxg3 38. Rg7 Rh4 39. Rxg3 Rxh6 40. Kxa4 e5 41. b4 e4 42. b5 Kf4 43. Rb3 e3 44. b6 e2 45. b7 Rh8 46. Rb1 Ke3 47.
Kb5 Kd2 48. c4 Rb8 49. Rb2+ Kd3 50. Rxe2 Rxb7+ 51. Kc6 Kxe2 52. cxd5 Rb1 53. d6 Rd1 54. d7 Ke3 55. Kc7 Rxd7+ 56. Kxd7 1/2-1/2